SL
DETROIT RENAISSANCE @ WIZARDING EXPRESS
06/30/2025
 
TOP OF THE 1ST
Detroit Renaissance batting - Pitching for Wizarding Express : RHP Ralph McKinney
Pitching: RHP Ralph McKinney
Batting: RHB Kyle Bywaters 0-0: Ground out 5-3 (Groundball, 2L)
Batting: RHB Bernardo Herrera 0-0: Swinging Strike
0-1: Fly out, F8 (Flyball, 8LS)
Batting: LHB Tim Waters 0-0: Foul Ball, location: 2F
0-1: Ball
1-1: Swinging Strike
1-2: Ball
2-2: Fly out, F5 (Popup, 56)
Top of the 1st over - 0 run(s), 0 hit(s), 0 error(s), 0 left on base; Detroit 0 - Wizarding 0
BOTTOM OF THE 1ST
Wizarding Express batting - Pitching for Detroit Renaissance : RHP Alejandro Arteaga
Pitching: RHP Alejandro Arteaga
Batting: RHB Michael Montgomery 0-0: DOUBLE (Flyball, 89D)
Batting: RHB Chi-ju Zhang 0-0: Called Strike
0-1: Ball
1-1: Fly out, F6 (Popup, 6)
Batting: RHB Cole Shaffer 0-0: Called Strike
0-1: Fly out, F9 (Flyball, 89M)
Batting: LHB Nathan Tanner 0-0: Ball
1-0: Called Strike
1-1: Ball
2-1: Swinging Strike
2-2: 2-RUN HOME RUN (Flyball, 89XD), Distance : 372 ft
Batting: RHB Steve Dunn 0-0: Called Strike
0-1: DOUBLE (Flyball, 78XD)
Batting: RHB Rafael Arredondo 0-0: Foul Ball, location: 2F
0-1: Ball
1-1: Foul Ball, location: 2F
1-2: Ball
2-2: Ground out 5-3 (Groundball, 56)
Bottom of the 1st over - 2 run(s), 3 hit(s), 0 error(s), 1 left on base; Detroit 0 - Wizarding 2
TOP OF THE 2ND
Detroit Renaissance batting - Pitching for Wizarding Express : RHP Ralph McKinney
Batting: LHB Juan González 0-0: Ball
1-0: Ball
2-0: Ball
3-0: Called Strike
3-1: Called Strike
3-2: Strikes out swinging
Batting: LHB Gustavo Cortéz 0-0: Foul Ball, location: 2F
0-1: Called Strike
0-2: Ball
1-2: Ball
2-2: Ball
3-2: SOLO HOME RUN (Flyball, 89XD), Distance : 391 ft
Batting: RHB Javier Rivera 0-0: Ball
1-0: Ball
2-0: Called Strike
2-1: Swinging Strike
2-2: Foul Ball, location: 2F
2-2: Strikes out swinging
Batting: LHB Mike Silver 0-0: Ball
1-0: Foul Ball, location: 2F
1-1: Called Strike
1-2: Foul Ball, location: 2F
1-2: Ball
2-2: Ground out 4-3 (Groundball, 4)
Top of the 2nd over - 1 run(s), 1 hit(s), 0 error(s), 0 left on base; Detroit 1 - Wizarding 2
BOTTOM OF THE 2ND
Wizarding Express batting - Pitching for Detroit Renaissance : RHP Alejandro Arteaga
Batting: LHB Kyung-chor Pang 0-0: Ball
1-0: Ball
2-0: Swinging Strike
2-1: Foul Ball, location: 2F
2-2: Ball
3-2: Foul Ball, location: 2F
3-2: Ground out U3 (Groundball, 34)
Batting: RHB Ed Whitaker 0-0: Called Strike
0-1: Ball
1-1: Ball
2-1: Swinging Strike
2-2: Ball
3-2: Foul Ball, location: 2F
3-2: Base on Balls
Batting: RHB Wu Le 0-0: Ball
1-0: Ball
2-0: Grounds into double play, 6-4-3 (Groundball, 6D)
Bottom of the 2nd over - 0 run(s), 0 hit(s), 0 error(s), 0 left on base; Detroit 1 - Wizarding 2
TOP OF THE 3RD
Detroit Renaissance batting - Pitching for Wizarding Express : RHP Ralph McKinney
Batting: RHB Chandler Bailey 0-0: Ball
1-0: Ground out 5-3 (Groundball, 56)
Batting: RHB Eric D'Angle 0-0: Ball
1-0: Ball
2-0: Called Strike
2-1: Foul Ball, location: 2F
2-2: Strikes out swinging
Batting: RHB Kyle Bywaters 0-0: Ball
1-0: Fly out, F9 (Flyball, 9S)
Top of the 3rd over - 0 run(s), 0 hit(s), 0 error(s), 0 left on base; Detroit 1 - Wizarding 2
BOTTOM OF THE 3RD
Wizarding Express batting - Pitching for Detroit Renaissance : RHP Alejandro Arteaga
Batting: RHB Michael Montgomery 0-0: Called Strike
0-1: Ball
1-1: Fly out, F9 (Flyball, 9S)
Batting: RHB Chi-ju Zhang 0-0: Fly out, F7 (Flyball, 7LSF)
Batting: RHB Cole Shaffer 0-0: Ball
1-0: Fly out, F9 (Flyball, 9LS)
Bottom of the 3rd over - 0 run(s), 0 hit(s), 0 error(s), 0 left on base; Detroit 1 - Wizarding 2
TOP OF THE 4TH
Detroit Renaissance batting - Pitching for Wizarding Express : RHP Ralph McKinney
Batting: RHB Bernardo Herrera 0-0: Ball
1-0: Ball
2-0: Foul Ball, location: 2F
2-1: Fly out, F6 (Popup, 6D)
Batting: LHB Tim Waters 0-0: Foul Ball, location: 2F
0-1: Ball
1-1: Swinging Strike
1-2: Ball
2-2: Fly out, F6 (Popup, 6S)
Batting: LHB Juan González 0-0: Foul Ball, location: 2F
0-1: Foul Ball, location: 2F
0-2: Strikes out looking
Top of the 4th over - 0 run(s), 0 hit(s), 0 error(s), 0 left on base; Detroit 1 - Wizarding 2
BOTTOM OF THE 4TH
Wizarding Express batting - Pitching for Detroit Renaissance : RHP Alejandro Arteaga
Batting: LHB Nathan Tanner 0-0: DOUBLE (Line Drive, 9LM)
Batting: RHB Steve Dunn 0-0: Ground out 6-3 (Groundball, 6)
Batting: RHB Rafael Arredondo 0-0: Called Strike
0-1: Ball
1-1: Called Strike
1-2: Ball
2-2: Strikes out swinging
Batting: LHB Kyung-chor Pang 0-0: Called Strike
0-1: SINGLE (Groundball, 34D)
Nathan Tanner to third
Runner from 3rd tries for Home, throw and OUT!
Bottom of the 4th over - 0 run(s), 2 hit(s), 0 error(s), 1 left on base; Detroit 1 - Wizarding 2
TOP OF THE 5TH
Detroit Renaissance batting - Pitching for Wizarding Express : RHP Ralph McKinney
Batting: LHB Gustavo Cortéz 0-0: Called Strike
0-1: Ball
1-1: Ball
2-1: Foul Ball, location: 2F
2-2: Ball
3-2: Foul Ball, location: 2F
3-2: Foul Ball, location: 2F
3-2: Ground out 4-3 (Groundball, 34)
Batting: RHB Javier Rivera 0-0: Called Strike
0-1: Called Strike
0-2: Ball
1-2: Fly out, F8 (Flyball, 8RM)
Batting: LHB Mike Silver 0-0: Called Strike
0-1: Foul Ball, location: 2F
0-2: Strikes out swinging
Top of the 5th over - 0 run(s), 0 hit(s), 0 error(s), 0 left on base; Detroit 1 - Wizarding 2
BOTTOM OF THE 5TH
Wizarding Express batting - Pitching for Detroit Renaissance : RHP Alejandro Arteaga
Batting: RHB Ed Whitaker 0-0: Called Strike
0-1: Foul Ball, location: 2F
0-2: Ball
1-2: Strikes out looking
Batting: RHB Wu Le 0-0: Ball
1-0: Ball
2-0: SINGLE (Groundball, 34D)
Batting: RHB Michael Montgomery 0-0: Called Strike
0-1: Swinging Strike
0-2: Foul Ball, location: 2F
0-2: Ball
1-2: Fly out, F7 (Flyball, 7)
Batting: RHB Chi-ju Zhang 0-0: Ball
1-0: Fly out, F9 (Flyball, 9S)
Bottom of the 5th over - 0 run(s), 1 hit(s), 0 error(s), 1 left on base; Detroit 1 - Wizarding 2
TOP OF THE 6TH
Detroit Renaissance batting - Pitching for Wizarding Express : RHP Ralph McKinney
Batting: RHB Chandler Bailey 0-0: Called Strike
0-1: Foul Ball, location: 2F
0-2: Strikes out looking
Batting: RHB Eric D'Angle 0-0: SOLO HOME RUN (Flyball, 7D), Distance : 364 ft
Batting: RHB Kyle Bywaters 0-0: Called Strike
0-1: Ball
1-1: Foul Ball, location: 2F
1-2: Ball
2-2: DOUBLE (Line Drive, 8LXD)
Pinch Runner at 2nd Gregory Johnson:
Batting: RHB Bernardo Herrera 0-0: Ball
1-0: Ground out 4-3 (Groundball, 4)
Gregory Johnson to third
Batting: LHB Tim Waters 0-0: Swinging Strike
0-1: Ball
1-1: Ball
2-1: Fly out, F7 (Line Drive, 7S)
Top of the 6th over - 1 run(s), 2 hit(s), 0 error(s), 1 left on base; Detroit 2 - Wizarding 2
BOTTOM OF THE 6TH
Wizarding Express batting - Pitching for Detroit Renaissance : RHP Alejandro Arteaga
Now at SS: Gregory Johnson
Batting: RHB Cole Shaffer 0-0: Ball
1-0: Ball
2-0: Ground out 6-3 (Groundball, 6)
Batting: LHB Nathan Tanner 0-0: Ball
1-0: Called Strike
1-1: SOLO HOME RUN (Flyball, 9D), Distance : 351 ft
Batting: RHB Steve Dunn 0-0: Ball
1-0: SINGLE (Line Drive, 7S)
Batting: RHB Rafael Arredondo 0-0: Called Strike
0-1: Ball
1-1: Ball
2-1: Fly out, F8 (Flyball, 8RD)
Batting: LHB Kyung-chor Pang 0-0: Ball
1-0: Called Strike
1-1: Foul Ball, location: 2F
1-2: Strikes out swinging
Bottom of the 6th over - 1 run(s), 2 hit(s), 0 error(s), 1 left on base; Detroit 2 - Wizarding 3
TOP OF THE 7TH
Detroit Renaissance batting - Pitching for Wizarding Express : RHP Ralph McKinney
Batting: LHB Juan González 0-0: Ball
1-0: Ball
2-0: Called Strike
2-1: Ball
3-1: SINGLE (Groundball, 34S) (infield hit)
Batting: LHB Gustavo Cortéz 0-0: 2-RUN HOME RUN (Flyball, 9D), Distance : 340 ft
Pitching: RHP Jackson Haines
Batting: RHB Javier Rivera 0-0: Ball
1-0: Swinging Strike
1-1: Ball
2-1: Foul Ball, location: 2F
2-2: Fly out, F5 (Popup, 5D)
Batting: LHB Mike Silver 0-0: Ball
1-0: Ball
2-0: Foul Ball, location: 2F
2-1: Foul Ball, location: 2F
2-2: Ball
3-2: Ground out 4-3 (Groundball, 4S)
Batting: RHB Chandler Bailey 0-0: Ball
1-0: Fly out, F8 (Flyball, 8RXD)
Top of the 7th over - 2 run(s), 2 hit(s), 0 error(s), 0 left on base; Detroit 4 - Wizarding 3
BOTTOM OF THE 7TH
Wizarding Express batting - Pitching for Detroit Renaissance : RHP Alejandro Arteaga
Batting: RHB Ed Whitaker 0-0: Ball
1-0: Fly out, F7 (Line Drive, 78M)
Batting: RHB Wu Le 0-0: SINGLE (Groundball, 3S) (infield hit)
Batting: RHB Michael Montgomery 0-0: Ball
Wild Pitch!
Wu Le to second
1-0: Ball
2-0: Swinging Strike
2-1: Ball
3-1: Swinging Strike
3-2: Base on Balls
Batting: RHB Chi-ju Zhang 0-0: Called Strike
0-1: Ball
1-1: Fly out, F8 (Flyball, 89M)
Batting: RHB Cole Shaffer 0-0: Fly out, F9 (Flyball, 89D)
Bottom of the 7th over - 0 run(s), 1 hit(s), 0 error(s), 2 left on base; Detroit 4 - Wizarding 3
TOP OF THE 8TH
Detroit Renaissance batting - Pitching for Wizarding Express : RHP Jackson Haines
Batting: RHB Eric D'Angle 0-0: Ball
1-0: Called Strike
1-1: Foul Ball, location: 2F
1-2: Ground out 4-3 (Groundball, 4)
Batting: LHB Gregory Johnson 0-0: Called Strike
0-1: Ball
1-1: Ball
2-1: Fly out, F9 (Line Drive, 89M)
Batting: RHB Bernardo Herrera 0-0: Ball
1-0: Foul Ball, location: 2F
1-1: Called Strike
1-2: Ball
2-2: Foul Ball, location: 2F
2-2: Strikes out swinging
Top of the 8th over - 0 run(s), 0 hit(s), 0 error(s), 0 left on base; Detroit 4 - Wizarding 3
BOTTOM OF THE 8TH
Wizarding Express batting - Pitching for Detroit Renaissance : RHP Alejandro Arteaga
Batting: LHB Nathan Tanner 0-0: Ball
1-0: Foul Ball, location: 2F
1-1: Ball
2-1: Ball
3-1: Base on Balls
Batting: RHB Steve Dunn 0-0: Ball
1-0: Foul Ball, location: 2F
1-1: Ball
2-1: Ball
3-1: Called Strike
3-2: Fly out, F9 (Flyball, 9S)
Batting: RHB Rafael Arredondo 0-0: Ball
1-0: Called Strike
1-1: Ball
2-1: Swinging Strike
2-2: SINGLE (Flyball, 7S)
Nathan Tanner to second
Batting: LHB Kyung-chor Pang 0-0: Ball
1-0: Sac Bunt - play at first, batter OUT! 1-4
Nathan Tanner to third
Rafael Arredondo to second
Pitching: RHP Rafael García
Batting: RHB Ed Whitaker 0-0: Ball
1-0: Ground out 6-3 (Groundball, 6MS)
Bottom of the 8th over - 0 run(s), 1 hit(s), 0 error(s), 2 left on base; Detroit 4 - Wizarding 3
TOP OF THE 9TH
Detroit Renaissance batting - Pitching for Wizarding Express : RHP Jackson Haines
Batting: LHB Tim Waters 0-0: Swinging Strike
0-1: Foul Ball, location: 2F
0-2: Ball
1-2: Ball
2-2: Foul Ball, location: 2F
2-2: Foul Ball, location: 2F
2-2: Ground out 4-3 (Groundball, 4)
Batting: LHB Juan González 0-0: Ball
1-0: SINGLE (Flyball, 8RS)
Batting: LHB Gustavo Cortéz 0-0: Ball
1-0: Ball
2-0: Ball
3-0: Called Strike
3-1: Foul Ball, location: 2F
3-2: Base on Balls
Juan González to second
Pinch Runner at 2nd Nathan Horton:
Pinch Hitting: LHB Michael Neely 0-0: Swinging Strike
0-1: Ball
1-1: Foul Ball, location: 2F
1-2: Fly out, F4 (Popup, 4)
Batting: LHB Mike Silver 0-0: Foul Ball, location: 2F
0-1: Ground out U3 (Groundball, 3)
Top of the 9th over - 0 run(s), 1 hit(s), 0 error(s), 2 left on base; Detroit 4 - Wizarding 3
BOTTOM OF THE 9TH
Wizarding Express batting - Pitching for Detroit Renaissance : RHP Rafael García
Now at SS: Nathan Horton
Now in RF: Dani Trejo
Batting: RHB Wu Le 0-0: Foul Ball, location: 2F
0-1: Foul Ball, location: 2F
0-2: Ball
1-2: Foul Ball, location: 2F
1-2: Foul Ball, location: 2F
1-2: Foul Ball, location: 2F
1-2: Fly out, F9 (Flyball, 9S)
Batting: RHB Michael Montgomery 0-0: Called Strike
0-1: Ball
1-1: Ground out 5-3 (Groundball, 56)
Batting: RHB Chi-ju Zhang 0-0: Ball
1-0: Called Strike
1-1: Foul Ball, location: 2F
1-2: Ball
2-2: Ball
3-2: Foul Ball, location: 2F
3-2: Base on Balls
Batting: RHB Cole Shaffer 0-0: SINGLE (Popup, 6MD)
Chi-ju Zhang to second
Runner from 2nd tries for 3rd, SAFE, throw made to third
Batting: LHB Nathan Tanner 0-0: Ball
1-0: Ball
2-0: Ball
3-0: Base on Balls
Cole Shaffer to second
Batting: RHB Steve Dunn 0-0: Ball
1-0: Called Strike
1-1: Foul Ball, location: 2F
1-2: Ball
2-2: Ball
Passed Ball!
Chi-ju Zhang scores
Cole Shaffer to third
Nathan Tanner to second
3-2: Strikes out looking
Bottom of the 9th over - 1 run(s), 1 hit(s), 0 error(s), 2 left on base; Detroit 4 - Wizarding 4
TOP OF THE 10TH
Detroit Renaissance batting - Pitching for Wizarding Express : RHP Jackson Haines
Pitching: RHP Enrico Reséndez
Batting: RHB Chandler Bailey 0-0: Ball
1-0: Fly out, F3 (Line Drive, 34)
Batting: RHB Eric D'Angle 0-0: Ball
1-0: Foul Ball, location: 2F
1-1: Ball
2-1: Ball
3-1: Foul Ball, location: 2F
3-2: SINGLE (Groundball, 6M) (infield hit)
Batting: LHB Gregory Johnson 0-0: Ball
1-0: Reached on error, E4 (Groundball, 34)
Eric D'Angle to second
Batting: RHB Bernardo Herrera 0-0: TRIPLE (Line Drive, 7LS)
Eric D'Angle scores
Gregory Johnson scores
Batting: LHB Tim Waters 0-0: Intentional Walk
Batting: RHB Nathan Horton 0-0: Ball
1-0: Called Strike
1-1: Ball
2-1: Swinging Strike
2-2: Foul Ball, location: 2F
2-2: Strikes out swinging
Batting: LHB Gustavo Cortéz 0-0: Ball
1-0: Ball
2-0: Foul Ball, location: 2F
2-1: Ball
Balk!
Bernardo Herrera scores
Tim Waters to second
3-1: Base on Balls
Pitching: RHP Travis Carson
Batting: RHB Dani Trejo 0-0: SINGLE (Groundball, 5D)
Tim Waters to third
Gustavo Cortéz to second
Runner from 3rd tries for Home, throw and OUT!
Top of the 10th over - 3 run(s), 3 hit(s), 1 error(s), 2 left on base; Detroit 7 - Wizarding 4
BOTTOM OF THE 10TH
Wizarding Express batting - Pitching for Detroit Renaissance : RHP Rafael García
Batting: RHB Rafael Arredondo 0-0: Foul Ball, location: 2F
0-1: Called Strike
0-2: SINGLE (Line Drive, 6D)
Batting: LHB Kyung-chor Pang 0-0: Ball
1-0: Swinging Strike
1-1: Ball
2-1: Ball
3-1: Base on Balls
Rafael Arredondo to second
Batting: RHB Ed Whitaker 0-0: Called Strike
0-1: Grounds into double play, 5-4-3 (Groundball, 5)
Rafael Arredondo to third
Pitching: LHP Hwen-thiang Qin
Batting: RHB Wu Le 0-0: Called Strike
0-1: Swinging Strike
0-2: Foul Ball, location: 2F
0-2: SINGLE (Groundball, 34D)
Rafael Arredondo scores
Batting: RHB Michael Montgomery 0-0: Foul Ball, location: 2F
0-1: Ball
1-1: Ball
2-1: Ball
Wild Pitch!
Wu Le to second
3-1: Foul Ball, location: 2F
3-2: Base on Balls
Batting: RHB Chi-ju Zhang 0-0: Swinging Strike
0-1: Ball
1-1: SINGLE (Groundball, 6MD)
Wu Le to third
Michael Montgomery to second
Runner from 3rd tries for Home, SAFE, no throw
Batting: RHB Cole Shaffer 0-0: Ball
1-0: Called Strike
1-1: Ball
2-1: Ball
3-1: Swinging Strike
3-2: Strikes out swinging
Bottom of the 10th over - 2 run(s), 3 hit(s), 0 error(s), 2 left on base; Detroit 7 - Wizarding 6
Friday, December 30th, 2016 - OOTP Baseball 17.12 Build 75